AoeStats
← denniel

Arabia

510232981Analyzed
1v1 RM · 3d ago on Sep 30, 2026· 56m 14s· 2 players
Game mode
Random Map
Map size
Tiny (2 player)
Population
200
Speed
Normal
Resources
Standard
Victory
Conquest
Starting age
Dark Age
Ending age
Imperial Age
RankedLock teamsTeams togetherTeam positionsShared explorationLock speedFull tech treeHidden civsTurbo modeCheats
Victory
Defeat
🇺🇸 Bulgarians · United States
549
+18
🇹🇼 Berbers · Taiwan
592
-18
TimeBot
10:59 Feudal Age
11:44 Double-Bit Axe
15:55 Wheelbarrow
16:02 Forging
29:28 Castle Age
27:53 Horse Collar
29:23 Scale Mail Armor
32:20 Pikeman
35:33 Iron Casting
35:04 Scale Barding Armor
40:54 Bow Saw
40:39 Gold Mining
45:12 Imperial Age
44:22 Chain Mail Armor
46:12 Chain Barding Armor
46:58 Blast Furnace
50:19 Halberdier
53:29 Chain Barding Armor
denniel
7:48 Loom
10:07 Feudal Age
10:33 Double-Bit Axe
10:32 Horse Collar
16:51 Bloodlines
27:50 Castle Age
26:43 Wheelbarrow
27:55 Scale Barding Armor
28:00 Forging
28:36 Husbandry
29:43 Bow Saw
31:17 Chain Barding Armor
34:04 Pikeman
51:56 Imperial Age
55:23 Cavalier
Connection lost

Rejoining the realm…

Still unreachable

The connection could not be restored.

Session expired

The server has moved on; the page needs a fresh start.